 Seeded DCSS version 0.28.0-62-gf88900778d (webtiles) character file.

Game seed: 13591998346360536447 (custom seed)

9 Psyclone the Conjurer (level 2, 20/20 HPs)
             Began as a Gnoll Conjurer on Oct 27, 2023.
             Quit the game on level 1 of the Dungeon.
             The game lasted 00:00:27 (905 turns).

Psyclone the Conjurer (Gnoll Conjurer)               Turns: 905, Time: 00:00:27

Health: 20/20      AC:  2    Str:  6    XL:     2   Next: 12%
Magic:  7/7        EV: 13    Int: 17    God:
Gold:   14         SH:  0    Dex: 10    Spells: 9/10 levels left

rFire   . . .      SeeInvis .   (no weapon)
rCold   . . .      Faith    .   (no shield)
rNeg    . . .      Spirit   .   a - +0 robe
rPois   .          Reflect  .   (no helmet)
rElec   .          Harm     .   (no cloak)
rCorr   .          Rampage  .   (no gloves)
Will    .....                   (no boots)
Stlth   ++........              (no amulet)
HPRegen 0.06/turn               (no ring)
MPRegen 0.10/turn               (no ring)

@: no status effects
A: fangs 1, strong nose, distributed training
a: no special abilities


You were on level 1 of the Dungeon.
You visited 1 branch of the dungeon, and saw 2 of its levels.

You collected 14 gold pieces.

Inventory:

Armour
 a - a +0 robe (worn)
Magical Staves
 b - a staff of conjuration


   Skills:
 + Level 0.3 Fighting
 + Level 0.3 Short Blades
 + Level 0.3 Long Blades
 + Level 0.3 Axes
 + Level 0.3 Maces & Flails
 + Level 0.3 Polearms
 + Level 0.3 Staves
 + Level 0.3 Slings
 + Level 0.3 Bows
 + Level 0.3 Crossbows
 + Level 0.3 Throwing
 + Level 0.3 Armour
 + Level 4.4 Dodging
 + Level 4.0 Stealth
 + Level 0.3 Shields
 + Level 0.3 Unarmed Combat
 + Level 4.9 Spellcasting
 + Level 7.0 Conjurations
 + Level 0.2 Hexes
 + Level 0.2 Summonings
 + Level 0.2 Necromancy
 + Level 0.2 Translocations
 + Level 0.2 Transmutations
 + Level 0.2 Fire Magic
 + Level 0.2 Ice Magic
 + Level 0.2 Air Magic
 + Level 0.2 Earth Magic
 + Level 0.2 Poison Magic
 + Level 0.4 Invocations
 + Level 0.3 Evocations


You had 9 spell levels left.
You knew the following spells:

 Your Spells              Type           Power      Damage    Failure   Level
a - Magic Dart            Conj           100%       1d8       1%          1

Your spell library contained the following spells:

 Spells                   Type           Power      Damage    Failure   Level
 Searing Ray              Conj           56%        2d6       1%          2
 Dazzling Flash           Conj/Hex       32%        N/A       10%         3
 Fulminant Prism          Conj/Hex       8%         3d7       32%         4
 Iskenderun's Mystic Bla  Conj/Tloc      16%        2d5       32%         4


Dungeon Overview and Level Annotations

Branches:
Dungeon (2/15)

Altars:


Innate Abilities, Weirdness & Mutations

You have very sharp teeth.
Your uncanny sense of smell can sniff out nearby items.
Your experience applies equally to all skills.


Message History

The rat barely misses you.
You hit the rat but do no damage. The rat bites you but does no damage.
You hit the rat but do no damage. The rat bites you.
You hit the rat but do no damage. The rat barely misses you.
You take 2 damage, and have 17/19 hp.
Casting: Magic Dart (safe; 1% risk of failure)
Confirm with . or Enter, or press ? or * to list all spells.
You don't know that spell.
Unknown command.
The rat bites you. The rat barely misses you. The rat barely misses you.
Casting: Magic Dart (safe; 1% risk of failure)
Confirm with . or Enter, or press ? or * to list all spells.
You don't know that spell.
Unknown command.
The rat bites you but does no damage.
A rat is nearby!
A rat is nearby!
You hit the rat but do no damage. The rat bites you.
You closely miss the rat. The rat closely misses you.
You hit the rat but do no damage. The rat barely misses you.
You hit the rat but do no damage. The rat barely misses you.
You hit the rat.
You kill the rat!
You take 1 damage, and have 16/20 hp.
You can't go down here!
Unknown command.
You start resting.
HP restored.
Health restored: 20 You start waiting.
Sorry, you're not good enough to have a special ability.
You can't go down here!
Unknown command.
You start waiting.
Done waiting.
Unknown command.
Unknown command.
Are you sure you want to abandon this character and quit the game? (Confirm with "yes".)

######## #......# #......#
####......# #
##############.........#...
...†............@..........
.♣.♣.#########.............
.....♣## ##########....
.....P.## ... P...♣.P.#
..P....♣# ∆ ........#
...P.P..# <....P.♣##### ##


There were no monsters in sight!

Vanquished Creatures
  3 jackals (D:1)
  A kobold (D:1)
  A ball python (D:1)
  4 rats (D:1)
9 creatures vanquished.

Vanquished Creatures (others)
  A plant (D:1)
1 creature vanquished.

Grand Total: 10 creatures vanquished

Notes
Turn   | Place    | Note
-------+----------+-------------------------------------------
     0 | D:1      | Psyclone the Gnoll Conjurer began the quest for the Orb.
     0 | D:1      | Reached XP level 1. HP: 13/13 MP: 6/6
   309 | D:2      | Identified a scroll of acquirement
   309 | D:2      | Acquired a staff of conjuration
   371 | D:1      | Reached XP level 2. HP: 19/19 MP: 5/7
   905 | D:1      | Quit the game

Illustrated notes

Levels and vault maps discovered:
D:1:      wander_arrival_fairy_ring, layout_basic, chequers_serial_rivers_room_a
D:2:      layout_loops_ring, shapermc_ecumenical_altar_venn, uniq_natasha

Action                   || total
-------------------------++-------
Melee: Unarmed           ||    10
 Cast: Magic Dart        ||     9
  Use: Scroll            ||     2
Armor: Robe              ||    11
Dodge: Dodged            ||    42
